 Dungeon Crawl Stone Soup version 0.20.1-1-g8b1a95d (webtiles) character file.

261 equalderp2856 the Shield-Bearer (level 5, 0/46 HPs)
             Began as a Minotaur Fighter on Aug 13, 2017.
             Slain by a sky beast (6 damage)
             ... on level 4 of the Dungeon.
             The game lasted 00:04:25 (2879 turns).

equalderp2856 the Shield-Bearer (Minotaur Fighter)  Turns: 2879, Time: 00:04:26

Health: 0/46       AC:  7    Str: 21    XL:     5   Next: 96%
Magic:  4/4        EV:  8    Int:  5    God:
Gold:   86         SH: 10    Dex: 10    Spells: 4/4 levels left

rFire    . . .     SeeInvis .   a - +0 war axe
rCold    . . .     Gourm    .   c - +0 shield
rNeg     . . .     Faith    .   b - +0 scale mail
rPois    .         Spirit   .   (helmet restricted)
rElec    .         Reflect  .   (no cloak)
rCorr    .         Harm     .   (no gloves)
MR       .....                  (no boots)
Stlth    ..........             (no amulet)
Regen    0.2/turn               (no ring)
MPRegen  0.1/turn               (no ring)

@: no status effects
A: retaliatory headbutt, horns 2
a: no special abilities


You were on level 4 of the Dungeon.
You were hungry.

You visited 1 branch of the dungeon, and saw 4 of its levels.

You collected 86 gold pieces.

Inventory:

Hand Weapons
 a - a +0 war axe (weapon)
 n - a +1 short sword of speed
 v - a +0 hunting sling
 A - a +4 short sword of speed
Missiles
 l - 111 stones (quivered)
 o - 13 sling bullets
 u - 56 bolts
Armour
 b - a +0 scale mail (worn)
 c - a +0 shield (worn)
 B - a +0 large shield
Jewellery
 x - a cursed ring of loudness {unknown}
Wands
 C - a wand of flame (27/48)
Scrolls
 e - 2 scrolls of remove curse {unknown}
 h - 2 scrolls of teleportation {unknown}
 k - a scroll of fear {unknown}
 p - 2 scrolls of amnesia {unknown}
 q - a scroll of identify {unknown}
 t - a scroll of blinking {unknown}
 w - a scroll of magic mapping {unknown}
 y - a scroll of fog {unknown}
Potions
 d - 4 potions of might
 i - a potion of curing
 j - 3 potions of ambrosia
 r - a potion of lignification {unknown}
 s - 2 potions of heal wounds {unknown}
Comestibles
 f - 2 bread rations
 g - a meat ration
 m - 4 royal jellies
 z - 4 fruits


   Skills:
 + Level 4.2 Fighting
 + Level 5.0 Axes
 + Level 5.0 Armour
 + Level 0.7 Dodging
 + Level 5.1 Shields


You had 4 spell levels left.
You didn't know any spells.

Dungeon Overview and Level Annotations

Branches:
Dungeon (4/15)
 Temple: D:4-7

Altars:
Fedhas
Makhleb
Sif Muna


Innate Abilities, Weirdness & Mutations

You reflexively headbutt those who attack you in melee.
You have a pair of horns on your head.


Message History

The sky beast flickers out of sight!
Deactivating autopickup; reactivate with Ctrl-A.
It was a potion of ambrosia.
You are confused.
You feel invigorated. Something hits you but does no damage.
It was a potion of curing.
You feel better.
You feel less invigorated. You block something's attack.
You closely miss something. Your headbutt misses something.
Something hits you but does no damage.
You miss something. Your headbutt misses something.
You block something's attack.
You hit something. Something hits you but does no damage.
You miss something.
You are feeling hungry.
You block something's attack. Something hits you. Something shocks you.
* * * LOW HITPOINT WARNING * * *
You miss something. Something hits you.
* * * LOW HITPOINT WARNING * * *
Something shocks you.
You die...

.## ####### ...
..## #######.....#
#.#.#.#.# ...###
#..†.....####
........# .....##
#'###..###
##.#/#.#.# ......#
♣.♣ #### #........
......#♣♣.♣♣
####.#.#.##.#
......#♣._.♣
#####.........#..
......#♣♣.♣♣
##......#.#†#.#..#
......# ♣.♣
#@{.........?...#
......###'#
##.............##
..........#
##............#
........#.##
##.......#..##
.......##..######
##...###..##
......####.#....##
#######.## .....##
##.......# ##..#
.....# ##(.....[.#
##..## #....#
#.........# ##..##


There were no monsters in sight!

Vanquished Creatures
  A hound (D:4)
  An orc priest (D:3)
  Terence (D:2)
  A worker ant (D:4)
  7 adders
  An ooze (D:4)
  5 dart slugs
  4 leopard geckos
  3 orcs
  7 bats
  3 giant cockroaches
  5 goblins
  6 hobgoblins
  7 jackals
  7 kobolds
  A quokka (D:3)
  3 ball pythons
  5 frilled lizards
  4 rats
72 creatures vanquished.

Notes
Turn   | Place    | Note
-------+----------+-------------------------------------------
     0 | D:1      | equalderp2856 the Minotaur Fighter began the quest for the Orb.
     0 | D:1      | Reached XP level 1. HP: 19/19 MP: 0/0
    52 | D:1      | Reached XP level 2. HP: 21/27 MP: 1/1
   202 | D:1      | Reached XP level 3. HP: 33/33 MP: 2/2
   816 | D:2      | Noticed Terence
   830 | D:2      | Killed Terence
   830 | D:2      | Reached XP level 4. HP: 25/40 MP: 3/3
  1331 | D:2      | Found a blossoming altar of Fedhas.
  1879 | D:3      | Found a deep blue altar of Sif Muna.
  1973 | D:3      | Reached XP level 5. HP: 32/46 MP: 4/4
  2732 | D:4      | Reached skill level 5 in Armour
  2732 | D:4      | Reached skill level 5 in Shields
  2772 | D:4      | Found a burning altar of Makhleb.
  2846 | D:4      | Noticed a sky beast
  2859 | D:4      | Reached skill level 5 in Axes
  2862 | D:4      | HP: 2/46 [something (6)]
  2879 | D:4      | Slain by a sky beast

Skill      XL: |  1  2  3  4  5 |
---------------+----------------+-----
Armour         | 4 5 |  5.0
Shields        | 4 5 |  5.1
Axes           | 3 4 5 |  5.0
Fighting       | 4 |  4.2
Dodging        | |  0.7

Action                   |  1- 3 |  4- 6 || total
-------------------------+-------+-------++-------
Melee: War axe           |    73 |   108 ||   181
       Headbutt          |     6 |     6 ||    12
  Use: Potion            |       |     2 ||     2
  Eat: Chunk             |       |     6 ||     6
Armor: Scale mail        |    34 |    55 ||    89
Dodge: Dodged            |    33 |    33 ||    66
Block: Shield            |    41 |    61 ||   102
